 Dungeon Sprint DCSS version 0.21.0-3-g78d12a8bdd (webtiles) character file.

599054 Quolop the Minotaur Barricade (level 22, -18/233 HPs)
             Began as a Minotaur Fighter on Jan 14, 2018.
             Was the Champion of Makhleb.
             Killed from afar by a Brimstone Fiend (46 damage)
             ... with damnation
             ... in the Dungeon (Sprint IX: "|||||||||||||||||||||||||||||").
             The game lasted 00:44:24 (12637 turns).

Quolop the Minotaur Barricade (Minotaur Fighter)   Turns: 12637, Time: 00:44:25

Health: -18/233    AC: 36    Str: 26      XL:     22   Next: 97%
Magic:  0/46       EV: 25    Int: 11      God:    Makhleb [******]
Gold:   686        SH: 32    Dex: 16 (17) Spells: 74/74 levels left

rFire    + . .     SeeInvis +   u - +8 autumn katana {slice, Clar}
rCold    + . .     Gourm    .   Q - +5 large shield
rNeg     + . .     Faith    .   L - +0 gold dragon scales
rPois    +         Spirit   +   c - +2 hat {MR+}
rElec    +         Reflect  .   F - +1 cloak {MR+}
rCorr    .         Harm     .   I - +0 pair of gloves {Dex+3}
MR       +++++     Clarity  +   x - +0 pair of boots Stlth +.........NoTele +
                                O - amulet of the Castellan {Spirit +Fly rN+ MP-9 Int+6}
HPRegen  0.48/turn              N - ring "Fiusch" {MR+++ MP+9 EV+3 Int+2 SInv}
MPRegen  0.30/turn              P - ring of Viecyath {rElec rPois Dex+3 SInv}

@: studying Long Blades
A: retaliatory headbutt, fangs 1, horns 2, berserk 1, blurry vision 1, clumsy 1,
deterioration 1, dopey 1, low mp 1, magic resistance 2, screaming 2, weak 1, no
potion heal 1, subdued magic 1, MP-powered wands, sturdy frame 1
0: Orb of Zot
}: 9/15 runes: decaying, serpentine, barnacled, slimy, elven, silver, golden,
abyssal, gossamer
a: Minor Destruction, Lesser Servant of Makhleb, Major Destruction, Greater
Servant of Makhleb, Renounce Religion, Evoke Flight


You were in the Dungeon.
You worshipped Makhleb.
Makhleb was exalted by your worship.
You were not hungry.

You visited 1 branch You collected 1943 gold pieces.
You spent 1257 gold pieces at shops.

Inventory:

Hand Weapons
 s - a +2 scimitar of flaming
 u - the +8 autumn katana (weapon) {slice, Clar}
   (You bought it in a shop in the Dungeon)

   It inflicts extra damage upon your enemies.
   It protects you against confusion.
 H - a +3 eudemon blade of holy wrath
Missiles
 A - 16 javelins of penetration (quivered)
 C - 4 throwing nets
Armour
 c - a +2 hat of magic resistance (worn)
 x - a +0 pair of boots (worn)
 F - a +1 cloak of magic resistance (worn)
 I - a +0 pair of gloves of dexterity (worn)
 L - +0 gold dragon scales (worn)
 Q - a +5 large shield (worn)
Jewellery
 r - the ring "Ohatank" {rCorr rElec Int+4}
   (You found it in the Dungeon)

   [ring of resist corrosion]

   It affects your intelligence (+4).
   It insulates you from electricity.
 E - an uncursed ring of protection from cold
 G - an uncursed ring of poison resistance
 K - a +2 ring of intelligence
 M - the ring "Xikoo" {+Blink rF+ Str+2 Int+3 Stlth+}
   (You found it in the Dungeon)

   [ring of intelligence]

   It affects your strength (+2).
   It affects your intelligence (+3).
   It protects you from fire.
   It lets you blink.
   It makes you more stealthy.
 N - the ring "Fiusch" (left hand) {MR+++ MP+9 EV+3 Int+2 SInv}
   (You found it in the Dungeon)

   [ring of evasion]

   It affects your evasion (+3).
   It affects your intelligence (+2).
   It affects your resistance to hostile enchantments.
   It affects your magic capacity (+9).
   It lets you see invisible.
 O - the amulet of the Castellan (around neck) {Spirit +Fly rN+ MP-9 Int+6}
   (You found it in the Dungeon)

   [amulet of guardian spirit]

   It causes incoming damage to be split between your health and magic.
   It affects your intelligence (+6).
   It protects you from negative energy.
   It affects your magic capacity (-9).
   It lets you fly.
 P - the ring of Viecyath (right hand) {rElec rPois Dex+3 SInv}
   (You found it in the Dungeon)

   [ring of poison resistance]

   It affects your dexterity (+3).
   It insulates you from electricity.
   It protects you from poison.
   It lets you see invisible.
Wands
 o - a wand of acid (10)
Scrolls
 b - a scroll of enchant armour
 k - 4 scrolls of blinking
 m - 7 scrolls of remove curse
 n - 2 scrolls of amnesia
 v - 9 scrolls of enchant weapon
 w - 5 scrolls of identify
 y - 2 scrolls of fear
 z - 2 scrolls of fog
 B - a scroll of silence {unknown}
Potions
 a - a potion of cancellation {unknown}
 d - a potion of might
 e - 2 potions of curing
 i - 4 potions of magic
 j - 3 potions of berserk rage
 l - a potion of invisibility
 p - a potion of agility
 q - 3 potions of brilliance
Books
 D - a manual of Long Blades
Miscellaneous
 g - the horn of Geryon
Comestibles
 f - 7 rations


   Skills:
 O Level 27 Fighting
 * Level 21.2 Long Blades
 O Level 27 Throwing
 O Level 27 Armour
 O Level 27 Dodging
 O Level 27 Stealth
 O Level 27 Shields
 O Level 27 Unarmed Combat
 + Level 26.7 Spellcasting
 O Level 27 Invocations
 O Level 27 Evocations


You had 74 spell levels left.
You didn't know any spells.

Dungeon Overview and Level Annotations

Branches:
Dungeon (1/1)

Altars:
Cheibriados
Dithmenos
Elyvilon
Fedhas
Gozag
Hepliaklqana
Kikubaaqudgha
Makhleb
Nemelex Xobeh
Okawaru
Qazlal
Ru
Sif Muna
Trog
Uskayaw
Vehumet
Wu Jian
Xom
Yredelemnul
Zin
The Shining One
Beogh
Jiyva
Lugonu

Shops:
D [}:(


Innate Abilities, Weirdness & Mutations

You reflexively headbutt those who attack you in melee.
You have a pair of horns on your head.
You have very sharp teeth.
You tend to lose your temper in combat.
Scrolls take you a little longer to read.
You are clumsy. (Dex -2)
Your body sometimes deteriorates upon taking damage.
You are dopey. (Int -2)
Your magical capacity is low. (-10% MP)
You are highly resistant to hostile enchantments. (MR++)
You sometimes yell uncontrollably at your foes.
You are weak. (Str -2)
Potions are less effective at restoring your health.
Your spells are a little easier to cast, but a little less powerful.
You expend magic power (3 MP) to strengthen your wands.
Your movements are slightly less encumbered by armour. (ER -2)


Message History

You block the Brimstone Fiend's attack. x3
The Orb prevents control of your translocation!
You blink.
As you read the scroll of blinking, it crumbles to dust.
A chaos spawn comes into view.
Okay, then.
Your system partially rejects the healing.
You feel better.
Your system partially rejects the healing.
You feel better.
Your system partially rejects the healing.
You feel better.
The Brimstone Fiend calls on the powers of darkness!
Your body is wracked with pain!
* * * LOW HITPOINT WARNING * * *
Your system partially rejects the healing.
You feel better. The Brimstone Fiend gestures at you.
The sphere of damnation explodes!
The damnation engulfs you!
You die...

▓.▓.▓.▓.▓.▓.▓.▓.▓.▓)
▓.▓.▓.▓.▓.▓.▓'▓.▓.▓.
▓'▓.▓.▓.▓.▓.▓.▓.▓.▓.
▓.▓.▓.▓.▓.▓.▓.▓.▓.▓.
▓.▓.▓.▓.▓.▓.▓.▓.▓.▓.
▓.▓.▓.▓.▓)▓.▓=▓)▓.▓.
▓.▓4▓:▓.▓.▓.▓.▓[▓.▓[
▓.▓.▓.▓.▓)▓.▓)▓[▓'▓.
▓'▓@▓.▓.▓[▓.▓)▓.▓.▓.
▓_▓.▓.▓.▓)▓.▓)▓.▓.▓.
▓_▓1▓.▓.▓)▓.▓)▓.▓)▓.
▓_▓3▓.▓.▓.▓.▓)▓.▓.▓.
▓_▓3▓.▓.▓[▓.▓)▓.▓.▓.
▓_▓)▓'▓.▓[▓.▓)▓.▓.▓.
▓_▓2▓.▓.▓.▓.▓)▓.▓.▓.
▓_▓3▓.▓.▓.▓.▓.▓.▓.▓.
▓_▓.▓.▓.▓.▓.▓[▓.▓.▓.


You could see a Brimstone Fiend, a balrug, 3 sun demons and a chaos spawn.

Vanquished Creatures
  the Royal Jelly (D)
  An ancient lich (D)
  6 orbs of fire (D)
  9 pandemonium lords (D)
  A juggernaut (D)
  Mennas (D)
  4 greater mummies (D)
  Sojobo (D)
  Boris (D)
  Margery (D)
  A Killer Klown (D)
  Geryon (D)
  Saint Roka (D)
  5 golden dragons (D)
  Nikola (D)
  Jory (D)
  A bone dragon (D)
  3 Brimstone Fiends (D)
  3 electric golems (D)
  A Tzitzimitl (D)
  4 tentacled monstrosities (D)
  3 Hell Sentinels (D)
  38 Orb Guardians (D)
  5 liches (D)
  2 Ice Fiends (D)
  A deep elf blademaster (D)
  A quicksilver dragon (D)
  A tentacled starspawn (D)
  3 death cobs (D)
  Gastronok (D)
  11 acid blobs (D)
  12 sphinxes (D)
  Frances (D)
  2 Executioners (D)
  Donald (D)
  4 storm dragons (D)
  A draconian monk (D)
  7 azure jellies (D)
  10 shadow dragons (D)
  8 nagarajas (D)
  3 tengu reavers (D)
  Ilsuiw (D)
  2 warmongers (D)
  A balrug (D)
  4 frost giants (D)
  3 draconian scorchers (D)
  2 deep elf sorcerers (D)
  5 vault wardens (D)
  Louise (D)
  3 ghost moths (D)
  A draconian shifter (D)
  5 emperor scorpions (D)
  2 draconian annihilators (D)
  3 reapers (D)
  A cacodemon (D)
  2 draconian stormcallers (D)
  A spriggan defender (D)
  An ironheart preserver (D)
  5 very ugly things (D)
  5 stone giants (D)
  9 vampire knights (D)
  5 deep elf demonologists (D)
  A black draconian (D)
  5 red draconians (D)
  A corrupter (D)
  4 green draconians (D)
  A black sun (D)
  3 deep elf annihilators (D)
  A white draconian (D)
  A spark wasp (D)
  A yellow draconian (D)
  A merfolk javelineer (D)
  4 purple draconians (D)
  6 mummy priests (D)
  3 blizzard demons (D)
  An ettin (D)
  3 deep elf death magi (D)
  7 merfolk impalers (D)
  11 death oozes (D)
  2 yaktaur captains (D)
  2 green deaths (D)
  Harold (D)
  2 rakshasas (D)
  2 fire dragons (D)
  2 great orbs of eyes (D)
  25 vault guards (D)
  A merfolk avatar (D)
  7 hydras (D)
  4 ice dragons (D)
  A ghost crab (D)
  A death knight (D)
  A naga warrior (D)
  2 centaur warriors (D)
  4 merfolk aquamancers (D)
  2 anacondas (D)
  A tengu warrior (D)
  4 ogre magi (D)
  An alligator (D)
  A two-headed ogre (D)
  A deep troll shaman (D)
  A satyr (D)
  2 deep troll earth magi (D)
  6 large abominations (D)
  2 spriggan berserkers (D)
  6 sun demons (D)
  2 thrashing horrors (D)
  2 soul eaters (D)
  4 hell knights (D)
  2 sixfirhies (D)
  2 sea snakes (D)
  2 wizards (D)
  An unseen horror (D)
  3 gelid demonspawn (D)
  2 shadow demons (D)
  An unseen horror (shapeshifter) (D)
  A torturous demonspawn (D)
  A flayed ghost (D)
  A naga ritualist (D)
  4 swamp dragons (D)
  A glowing orange brain (D)
  An ironbrand convoker (D)
  4 necromancers (D)
  2 infernal demonspawn (D)
  14 orc knights (D)
  4 wolf spiders (D)
  10 moths of wrath (D)
  3 manticores (D)
  2 cyclopes (D)
  An elephant (D)
  3 rust devils (D)
  4 black mambas (D)
  2 guardian serpents (D)
  3 vault sentinels (D)
  4 orange demons (D)
  7 smoke demons (D)
  4 naga magi (D)
  A hellion (D)
  6 spiny frogs (D)
  A freezing wraith (D)
  3 yaktaurs (D)
  A komodo dragon (D)
  3 demonic crawlers (D)
  18 guardian mummies (D)
  4 hellwings (D)
  4 ice devils (D)
  A tengu conjurer (D)
  A hornet (shapeshifter) (D)
  A troll (shapeshifter) (D)
  4 red devils (D)
  A wandering mushroom (D)
  2 hornets (D)
  4 polar bears (D)
  3 jumping spiders (D)
  A merfolk (D)
  A blink frog (D)
  2 small abominations (D)
  2 slime creatures (D)
  A dream sheep (shapeshifter) (D)
  2 bog bodies (D)
  11 spriggans (D)
  A wraith (D)
  2 water elementals (D)
  A tarantella (D)
  4 redbacks (D)
  Eustachio (D)
  A golden eye (D)
  2 yaks (D)
  A fire bat (D)
  2 neqoxecs (D)
  3 chaos spawn (D)
  2 wargs (D)
  An acid dragon (D)
  5 hell hounds (D)
  A floating eye (D)
  5 porcupines (D)
  2 swamp drakes (D)
  4 black bears (D)
  15 orc warriors (D)
  A sky beast (D)
  A centaur (D)
  3 crocodiles (D)
  2 bullfrogs (D)
  A scorpion (D)
  A killer bee (D)
  A quasit (D)
  A hound (D)
  4 orc wizards (D)
  3 orc priests (D)
  3 iron imps (D)
  2 worker ants (D)
  4 shadow imps (D)
  A white imp (D)
  An adder zombie (D)
  2 adder skeletons (D)
  11 orcs (D)
  2 giant cockroaches (D)
  A hobgoblin (D)
  A bat (D)
  A frilled lizard (D)
  A rat (D)
  A crawling corpse (D)
  A starspawn tentacle (D)
641 creatures vanquished.

Vanquished Creatures (others)
  An alligator (D)
  A swamp dragon (D)
  A tyrant leech (D)
3 creatures vanquished.

Grand Total: 644 creatures vanquished

Notes
Turn   | Place    | Note
-------+----------+-------------------------------------------
     0 | D        | Quolop the Minotaur Fighter began the quest for the Orb.
     0 | D        | Reached XP level 1. HP: 19/19 MP: 0/0
    15 | D        | Noticed a hound
    15 | D        | Noticed a sky beast
    20 | D        | Killed a hound
    20 | D        | Reached skill level 5 in Fighting
    20 | D        | Reached skill level 5 in Armour
    20 | D        | Reached skill level 5 in Shields
    20 | D        | Reached XP level 2. HP: 20/29 MP: 1/1
    20 | D        | Reached XP level 3. HP: 25/36 MP: 2/2
    28 | D        | Killed a sky beast
    28 | D        | Reached skill level 1 in Dodging
    28 | D        | Reached XP level 4. HP: 24/47 MP: 3/3
   247 | D        | Found a roughly hewn altar of Beogh.
   247 | D        | Found a snail-covered altar of Cheibriados.
   247 | D        | Found a shadowy altar of Dithmenos.
   247 | D        | Found a white marble altar of Elyvilon.
   247 | D        | Found a blossoming altar of Fedhas.
   247 | D        | Found an opulent altar of Gozag.
   248 | D        | Found a hazy altar of Hepliaklqana.
   249 | D        | Found a viscous altar of Jiyva.
   250 | D        | Found an ancient bone altar of Kikubaaqudgha.
   251 | D        | Found a corrupted altar of Lugonu.
   252 | D        | Found a burning altar of Makhleb.
   253 | D        | Found a sparkling altar of Nemelex Xobeh.
   254 | D        | Found an iron altar of Okawaru.
   255 | D        | Found a stormy altar of Qazlal.
   256 | D        | Found a sacrificial altar of Ru.
   257 | D        | Found a deep blue altar of Sif Muna.
   258 | D        | Found a bloodstained altar of Trog.
   259 | D        | Found a hide-covered altar of Uskayaw.
   260 | D        | Became a worshipper of Makhleb the Destroyer
   261 | D        | Found a radiant altar of Vehumet.
   262 | D        | Found an ornate altar of the Wu Jian Council.
   263 | D        | Found a shimmering altar of Xom.
   264 | D        | Found a basalt altar of Yredelemnul.
   265 | D        | Found a glowing silver altar of Zin.
   266 | D        | Found a glowing golden altar of the Shining One.
   305 | D        | Noticed an orc warrior
   308 | D        | Reached skill level 5 in Long Blades
   308 | D        | Reached XP level 5. HP: 53/53 MP: 4/4
   313 | D        | Reached * piety under Makhleb
   317 | D        | Killed an orc warrior
   317 | D        | Reached XP level 6. HP: 60/63 MP: 5/5
   324 | D        | Reached ** piety under Makhleb
   378 | D        | Noticed a manticore
   378 | D        | Noticed a cyclops
   380 | D        | Killed a manticore
   380 | D        | Reached skill level 10 in Fighting
   380 | D        | Reached skill level 10 in Long Blades
   380 | D        | Reached skill level 10 in Armour
   380 | D        | Reached XP level 7. HP: 73/73 MP: 6/6
   394 | D        | Killed a cyclops
   394 | D        | Reached *** piety under Makhleb
   394 | D        | Reached skill level 10 in Shields
   394 | D        | Reached XP level 8. HP: 38/82 MP: 7/7
   398 | D        | Killed an unseen horror
   735 | D        | Noticed a komodo dragon
   735 | D        | Noticed a spiny frog
   735 | D        | Noticed a spiny frog
   736 | D        | Reached skill level 5 in Dodging
   737 | D        | Noticed a spiny frog
   745 | D        | Killed a komodo dragon
   745 | D        | Reached **** piety under Makhleb
   745 | D        | Reached XP level 9. HP: 62/90 MP: 8/8
   749 | D        | Killed a spiny frog
   759 | D        | Noticed an elephant
   763 | D        | Killed a spiny frog
   774 | D        | Killed a spiny frog
   774 | D        | Reached ***** piety under Makhleb
   782 | D        | Killed an elephant
   782 | D        | Reached skill level 15 in Long Blades
   967 | D        | Noticed a spiny frog
   980 | D        | Reached XP level 10. HP: 94/101 MP: 9/9
   990 | D        | Reached ****** piety under Makhleb
   992 | D        | Killed a spiny frog
  1177 | D        | Reached skill level 1 in Stealth
  1231 | D        | Noticed Eustachio
  1242 | D        | Killed Eustachio
  1381 | D        | Noticed an orc knight
  1391 | D        | Killed an orc knight
  1392 | D        | Noticed an ettin
  1406 | D        | Killed an ettin
  1406 | D        | Reached skill level 15 in Fighting
  1473 | D        | Noticed an orc knight
  1473 | D        | Noticed an orc knight
  1486 | D        | Killed an orc knight
  1486 | D        | Reached XP level 11. HP: 62/113 MP: 10/10
  1495 | D        | Killed an orc knight
  1523 | D        | Reached skill level 15 in Shields
  1565 | D        | Found Hirghanu's Armour Emporium.
  1565 | D        | Noticed an orc knight
  1566 | D        | Noticed an orc knight
  1568 | D        | Noticed an orc knight
  1569 | D        | Found Keptesk's Gadget Shoppe.
  1575 | D        | Noticed an orc knight
  1578 | D        | Killed an orc knight
  1580 | D        | Noticed an orc knight
  1585 | D        | Found Azatebeu's Book Emporium.
  1585 | D        | Noticed an orc knight
  1591 | D        | Noticed an orc knight
  1594 | D        | Killed an orc knight
  1603 | D        | Killed an orc knight
  1619 | D        | Killed an orc knight
  1632 | D        | Killed an orc knight
  1643 | D        | Killed an orc knight
  1654 | D        | Killed an orc knight
  1655 | D        | Found Saadd's Antique Weapon Shoppe.
  1706 | D        | Bought the +8 autumn katana {slice, Clar} for 1257 gold pieces
  1706 | D        | Found the +8 autumn katana {slice, Clar}
  1980 | D        | Noticed Harold
  1992 | D        | Killed Harold
  2187 | D        | Gained mutation: You are agile. (Dex +2) [potion of mutation]
  2187 | D        | Gained mutation: Your movements are slightly less encumbered by armour. (ER -2) [potion of mutation]
  2187 | D        | Gained mutation: Your movements are less encumbered by armour. (ER -4) [potion of mutation]
  2188 | D        | Lost mutation: You are agile. (Dex +2) [potion of mutation]
  2188 | D        | Gained mutation: You are resistant to hostile enchantments. (MR+) [potion of mutation]
  2188 | D        | Gained mutation: You tend to lose your temper in combat. [potion of mutation]
  2188 | D        | Gained mutation: Your spells are a little harder to cast, but a little more powerful. [potion of mutation]
  2189 | D        | Lost mutation: You tend to lose your temper in combat. [potion of mutation]
  2189 | D        | Lost mutation: Your spells are a little harder to cast, but a little more powerful. [potion of mutation]
  2189 | D        | Lost mutation: Your movements are less encumbered by armour. (ER -4) [potion of mutation]
  2189 | D        | Gained mutation: Your mind is acute. (Int +2) [potion of mutation]
  2189 | D        | Gained mutation: You are highly resistant to hostile enchantments. (MR++) [potion of mutation]
  2254 | D        | Noticed a two-headed ogre
  2254 | D        | Noticed a centaur warrior
  2259 | D        | Noticed a death knight
  2260 | D        | Noticed a tengu warrior
  2267 | D        | Killed a two-headed ogre
  2268 | D        | Noticed a centaur warrior
  2280 | D        | Killed a centaur warrior
  2285 | D        | Killed a death knight
  2285 | D        | Reached XP level 12. HP: 121/129 MP: 11/11
  2292 | D        | Killed a tengu warrior
  2295 | D        | Noticed an ice dragon
  2296 | D        | Noticed a great orb of eyes
  2298 | D        | Noticed a brown very ugly thing
  2301 | D        | Noticed a rakshasa
  2305 | D        | Killed a centaur warrior
  2305 | D        | Reached skill level 15 in Armour
  2316 | D        | Killed an ice dragon
  2324 | D        | Killed a brown very ugly thing
  2327 | D        | Killed a great orb of eyes
  2347 | D        | Killed a rakshasa
  2412 | D        | Noticed Gastronok
  2420 | D        | Killed Gastronok
  2449 | D        | Noticed Saint Roka
  2468 | D        | Killed Saint Roka
  2503 | D        | Noticed an emperor scorpion
  2515 | D        | Killed an emperor scorpion
  2515 | D        | Reached XP level 13. HP: 143/143 MP: 14/14
  2611 | D        | Reached skill level 5 in Invocations
  2872 | D        | Noticed Frances
  2886 | D        | Killed Frances
  2927 | D        | Noticed Donald
  2946 | D        | Killed Donald
  2978 | D        | Noticed a stone giant
  2978 | D        | Noticed a cyan very ugly thing
  2979 | D        | Noticed a vampire knight
  2982 | D        | Noticed a spriggan defender
  2986 | D        | Killed a stone giant
  2992 | D        | Killed a cyan very ugly thing
  3000 | D        | Noticed a frost giant
  3010 | D        | Killed a spriggan defender
  3010 | D        | Reached XP level 14. HP: 143/155 MP: 17/19
  3014 | D        | Noticed a frost giant
  3017 | D        | Noticed a stone giant
  3020 | D        | Noticed a frost giant
  3032 | D        | Killed a frost giant
  3039 | D        | Killed a frost giant
  3053 | D        | Noticed a stone giant
  3055 | D        | Killed a vampire knight
  3062 | D        | Killed a stone giant
  3072 | D        | Killed a frost giant
  3081 | D        | Killed a stone giant
  3294 | D        | Noticed a vault warden
  3314 | D        | Noticed a vault warden
  3318 | D        | Noticed a stone giant
  3318 | D        | Reached skill level 10 in Invocations
  3323 | D        | Noticed a vault warden
  3330 | D        | Killed a vault warden
  3341 | D        | Killed a vault warden
  3349 | D        | Killed a stone giant
  3355 | D        | Killed a vault warden
  3410 | D        | Noticed a tengu reaver
  3413 | D        | Noticed Sojobo
  3414 | D        | Noticed a tengu reaver
  3419 | D        | Killed a tengu reaver
  3419 | D        | Reached skill level 1 in Evocations
  3435 | D        | Killed Sojobo
  3435 | D        | Reached skill level 27 in Shields
  3435 | D        | Reached XP level 15. HP: 122/168 MP: 22/22
  3441 | D        | Killed a tengu reaver
  3535 | D        | Noticed Nikola
  3547 | D        | Killed Nikola
  3559 | D        | Noticed Jory
  3583 | D        | Killed Jory
  3583 | D        | Reached skill level 5 in Evocations
  3818 | D        | Noticed Louise
  3825 | D        | Killed Louise
  3934 | D        | Got a decaying rune of Zot
  3943 | D        | Noticed Ilsuiw
  3948 | D        | Reached skill level 27 in Fighting
  4027 | D        | Killed Ilsuiw
  4030 | D        | Got a barnacled rune of Zot
  4063 | D        | Noticed a nagaraja
  4063 | D        | Noticed a nagaraja
  4063 | D        | Noticed a nagaraja
  4063 | D        | Noticed a nagaraja
  4074 | D        | Killed a nagaraja
  4075 | D        | Noticed a nagaraja
  4083 | D        | Killed a nagaraja
  4083 | D        | Reached skill level 10 in Evocations
  4084 | D        | Noticed a nagaraja
  4088 | D        | Killed a nagaraja
  4090 | D        | Noticed a nagaraja
  4092 | D        | Killed a nagaraja
  4092 | D        | Reached skill level 15 in Invocations
  4098 | D        | Killed a nagaraja
  4100 | D        | Noticed a nagaraja
  4103 | D        | Killed a nagaraja
  4114 | D        | Killed a nagaraja
  4114 | D        | Reached XP level 16. HP: 183/183 MP: 26/26
  4127 | D        | Got a serpentine rune of Zot
  4160 | D        | Reached skill level 1 in Throwing
  4226 | D        | Reached skill level 5 in Throwing
  4228 | D        | Got a gossamer rune of Zot
  4375 | D        | Noticed Margery
  4389 | D        | Killed Margery
  4482 | D        | Reached skill level 10 in Dodging
  4629 | D        | Reached skill level 10 in Throwing
  4668 | D        | Noticed a tentacled monstrosity
  4692 | D        | Killed a tentacled monstrosity
  4692 | D        | Reached skill level 27 in Armour
  4697 | D        | Reached skill level 15 in Evocations
  4698 | D        | Noticed a tengu reaver
  4703 | D        | Noticed a shadow dragon
  4713 | D        | Killed a tengu reaver
  4713 | D        | Reached XP level 17. HP: 177/191 MP: 29/29
  4814 | D        | Noticed a golden dragon
  4814 | D        | Noticed a tentacled monstrosity
  4815 | D        | Noticed a golden dragon
  4826 | D        | Killed a golden dragon
  4840 | D        | Killed a tentacled monstrosity
  4849 | D        | Killed a golden dragon
  4849 | D        | Reached skill level 15 in Throwing
  4883 | D        | Got a silver rune of Zot
  5108 | D        | Noticed Boris
  5123 | D        | Killed Boris
  5154 | D        | Got the ring "Ohatank" {rCorr rElec Int+4}
  5156 | D        | Got the ring "Xikoo" {+Blink rF+ Str+2 Int+3 Stlth+}
  5158 | D        | Got the ring "Fiusch" {MR+++ MP+9 EV+3 Int+2 SInv}
  5160 | D        | Got the amulet of the Castellan {Spirit +Fly rN+ MP-9 Int+6}
  5162 | D        | Got the ring of Viecyath {rElec rPois Dex+3 SInv}
  5464 | D        | Noticed Mennas
  5524 | D        | Killed Mennas
  5615 | D        | Noticed a juggernaut
  5630 | D        | Killed a juggernaut
  5630 | D        | Reached skill level 5 in Stealth
  5683 | D        | Noticed a golden dragon
  5683 | D        | Noticed a golden dragon
  5713 | D        | Killed a golden dragon
  5719 | D        | Killed a golden dragon
  5738 | D        | Reached XP level 18. HP: 200/200 MP: 26/32
  5894 | D        | Reached skill level 15 in Dodging
  5953 | D        | Noticed a golden dragon
  6000 | D        | Killed a golden dragon
  6044 | D        | Noticed a tentacled monstrosity
  6061 | D        | Killed a tentacled monstrosity
  6413 | D        | Noticed an Orb Guardian
  6413 | D        | Noticed an Orb Guardian
  6413 | D        | Noticed an Orb Guardian
  6413 | D        | Noticed an Orb Guardian
  6413 | D        | Noticed an Orb Guardian
  6413 | D        | Noticed an Orb Guardian
  6421 | D        | Killed an Orb Guardian
  6427 | D        | Killed an Orb Guardian
  6433 | D        | Killed an Orb Guardian
  6436 | D        | Killed an Orb Guardian
  6443 | D        | Killed an Orb Guardian
  6443 | D        | Reached skill level 10 in Stealth
  6449 | D        | Killed an Orb Guardian
  6450 | D        | Noticed an Orb Guardian
  6451 | D        | Noticed an Orb Guardian
  6452 | D        | Noticed an Orb Guardian
  6458 | D        | Killed an Orb Guardian
  6463 | D        | Killed an Orb Guardian
  6469 | D        | Killed an Orb Guardian
  6470 | D        | Noticed an Orb Guardian
  6477 | D        | Killed an Orb Guardian
  6483 | D        | Noticed an Orb Guardian
  6483 | D        | Noticed an Orb Guardian
  6483 | D        | Noticed a tentacled monstrosity
  6488 | D        | Reached XP level 19. HP: 207/207 MP: 34/34
  6695 | D        | Noticed an ancient lich
  6704 | D        | Killed an ancient lich
  6706 | D        | Noticed an orb of fire
  6720 | D        | Killed an orb of fire
  6753 | D        | Noticed an electric golem
  6763 | D        | Killed an electric golem
  6766 | D        | Noticed an electric golem
  6766 | D        | Noticed an electric golem
  6767 | D        | Noticed an orb of fire
  6776 | D        | Gained mutation: You tend to lose your temper in combat. [an orb of fire]
  6778 | D        | Gained mutation: You have very sharp teeth. [an orb of fire]
  6786 | D        | Killed an electric golem
  6794 | D        | Gained mutation: You occasionally shout uncontrollably at your foes. [an orb of fire]
  6795 | D        | Gained mutation: You are weak. (Str -2) [an orb of fire]
  6799 | D        | Gained mutation: You sometimes yell uncontrollably at your foes. [an orb of fire]
  6803 | D        | Killed an orb of fire
  6828 | D        | Killed an electric golem
  6828 | D        | Reached skill level 27 in Throwing
  6843 | D        | Noticed an orb of fire
  6844 | D        | Noticed an orb of fire
  6845 | D        | Noticed an orb of fire
  6846 | D        | Noticed a Killer Klown
  6851 | D        | Noticed an orb of fire
  6851 | D        | Gained mutation: You are clumsy. (Dex -2) [an orb of fire]
  6855 | D        | Gained mutation: Potions are less effective at restoring your health. [an orb of fire]
  6872 | D        | HP: 10/207 [orb of fire/fireball (4)]
  7435 | D        | Gained mutation: Your spells are a little easier to cast, but a little less powerful. [an orb of fire]
  7437 | D        | Gained mutation: You expend magic power (3 MP) to strengthen your wands. [an orb of fire]
  7464 | D        | Killed an orb of fire
  7464 | D        | Reached skill level 27 in Invocations
  7472 | D        | Killed an orb of fire
  7472 | D        | Reached skill level 15 in Stealth
  7484 | D        | Gained mutation: Your body sometimes deteriorates upon taking damage. [an orb of fire]
  7487 | D        | Killed an orb of fire
  7518 | D        | Killed an orb of fire
  7520 | D        | Reached XP level 20. HP: 174/216 MP: 13/36
  7536 | D        | Killed a Killer Klown
  7731 | D        | Reached skill level 27 in Evocations
  7780 | D        | Reached skill level 27 in Dodging
  7947 | D        | Got an elven rune of Zot
  8080 | D        | Paralysed by a floating eye for 4 turns
  8174 | D        | Noticed the Royal Jelly
  8194 | D        | Killed the Royal Jelly
  8194 | D        | Reached skill level 27 in Stealth
  8194 | D        | Reached XP level 21. HP: 192/224 MP: 28/37
  8277 | D        | Reached skill level 5 in Spellcasting
  8285 | D        | Reached skill level 10 in Unarmed Combat
  8297 | D        | Got a slimy rune of Zot
  8424 | D        | Reached skill level 10 in Spellcasting
  8428 | D        | Reached skill level 15 in Unarmed Combat
  8931 | D        | Noticed a greater mummy
  8931 | D        | Noticed a greater mummy
  8931 | D        | Noticed a greater mummy
  8932 | D        | Noticed a greater mummy
  8946 | D        | Killed a greater mummy
  8949 | D        | HP: 11/224 [mummy priest/divine providence (8)]
  8955 | D        | HP: 10/224 [greater mummy (13)]
  9425 | D        | Killed a greater mummy
  9706 | D        | Killed a greater mummy
  9719 | D        | Killed a greater mummy
  9767 | D        | Got a golden rune of Zot
  9837 | D        | Reached skill level 15 in Spellcasting
  9869 | D        | Got an abyssal rune of Zot
  9994 | D        | Noticed Geryon
 10014 | D        | Killed Geryon
 10406 | D        | Got the Orb of Zot
 10582 | D        | Noticed Mesock the pandemonium lord
 10607 | D        | Killed Mesock the pandemonium lord
 10909 | D        | Noticed Qatofacagh the pandemonium lord
 10925 | D        | Killed Qatofacagh the pandemonium lord
 10925 | D        | Reached XP level 22. HP: 86/229 MP: 16/42
 11186 | D        | Noticed Baynar the pandemonium lord
 11201 | D        | Lost mutation: Your mind is acute. (Int +2) [a shining eye]
 11205 | D        | Gained mutation: Scrolls take you a little longer to read. [a shining eye]
 11212 | D        | Gained mutation: Your magical capacity is low. (-10% MP) [a shining eye]
 11213 | D        | Killed Baynar the pandemonium lord
 11236 | D        | Reached skill level 27 in Unarmed Combat
 11325 | D        | Noticed Ziubabam the pandemonium lord
 11346 | D        | Killed Ziubabam the pandemonium lord
 11557 | D        | Noticed Sangusiu the pandemonium lord
 11595 | D        | Killed Sangusiu the pandemonium lord
 11682 | D        | Noticed Ydwygeh the pandemonium lord
 11725 | D        | Killed Ydwygeh the pandemonium lord
 11875 | D        | Noticed Huwon the pandemonium lord
 11894 | D        | Noticed Ziwisaj the pandemonium lord
 11914 | D        | Killed Huwon the pandemonium lord
 11941 | D        | Killed Ziwisaj the pandemonium lord
 12142 | D        | Noticed Wummel the pandemonium lord
 12154 | D        | Killed Wummel the pandemonium lord
 12210 | D        | Gained mutation: You are dopey. (Int -2) [a neqoxec]
 12637 | D        | Killed from afar by a Brimstone Fiend

Skill      XL: |  1  2  3  4  5  6  7  8  9 10 11 12 13 14 15 16 17 18 19 20 21 22 |
---------------+-------------------------------------------------------------------+-----
Fighting       | 5 7 8 9 10 11 12 13 15 18 21 22 24 27 | 27.0
Armour         | 5 7 8 10 11 12 13 14 16 17 20 23 27 | 27.0
Shields        | 5 6 7 8 9 10 11 12 14 17 20 24 27 | 27.0
Long Blades    | 3 4 5 7 10 11 13 15 17 18 21 | 21.2
Dodging        | 1 2 3 4 5 6 7 8 9 11 14 18 23 27 | 27.0
Stealth        | 1 3 5 11 16 27 | 27.0
Invocations    | 3 8 11 15 18 22 25 27 | 27.0
Evocations     | 3 11 15 19 22 25 27 | 27.0
Throwing       | 12 20 24 27 | 27.0
Unarmed Combat | 25 27 | 27.0
Spellcasting   | 17 26 | 26.7

Action                   |  1- 3 |  4- 6 |  7- 9 | 10-12 | 13-15 | 16-18 | 19-21 | 22-24 || total
-------------------------+-------+-------+-------+-------+-------+-------+-------+-------++-------
Melee: Long sword        |    18 |    13 |       |       |       |       |       |       ||    31
       Headbutt          |     7 |     5 |    25 |   108 |   127 |   264 |   328 |   197 ||  1061
       Scimitar          |       |    21 |    77 |   241 |    33 |       |       |       ||   372
       Katana            |       |       |       |   129 |   524 |   860 |   902 |   542 ||  2957
       Bite              |       |       |       |       |       |       |   188 |   118 ||   306
Throw: Javelin           |       |       |       |       |       |    19 |    18 |       ||    37
       Throwing net      |       |       |       |       |       |       |     1 |       ||     1
Invok: Greater Servant o |       |       |       |       |       |       |     5 |       ||     5
  Use: Potion            |       |       |     1 |     5 |     3 |       |    18 |    12 ||    39
       Scroll            |       |       |       |       |       |       |     2 |     4 ||     6
 Stab: Confused          |       |       |       |       |       |     5 |       |       ||     5
  Eat: Chunk             |       |       |       |     4 |     4 |     5 |     3 |       ||    16
       Ration            |       |       |       |     1 |       |     1 |     4 |     2 ||     8
Armor: Scale mail        |    11 |     7 |     8 |    22 |       |       |       |       ||    48
       Plate armour      |       |       |       |    32 |   152 |    87 |       |       ||   271
       Gold dragon scale |       |       |       |       |       |    59 |    91 |    53 ||   203
Dodge: Dodged            |     3 |     9 |    10 |    39 |    97 |   132 |   192 |    95 ||   577
Block: Shield            |     4 |    13 |    30 |    97 |       |       |       |       ||   144
       Large shield      |       |       |       |    72 |   454 |   611 |   704 |   375 ||  2216
       Rpst.: Long sword |       |     1 |       |       |       |       |       |       ||     1
       Scimitar          |       |     3 |     4 |     5 |     1 |       |       |       ||    13
       Katana            |       |       |       |     1 |     7 |    14 |    24 |    15 ||    61
